cohdb
Replays
Latest Replays
All Replays
Popular Replays
Top Player Replays
Match Explorer
How It Works
Community
CoH3 Stats
Reddit
Sign in to upload your games and track your stats! →
Sign in with Steam
Match 46230094
Unlisted
Match 46230094
Overview
Messages
Build Orders
End
Royal Engineer Section
Construct Section Command Post
Selects Air and Sea Battlegroup
Dingo Light Scout Car
Vickers Machine Gun Team
Vickers Machine Gun Team
Royal Engineer Section
Construct Platoon Command Post
Unlock M3 Stuart Light Tanks
Selects Commando Section Paradrop
Selects Commando Support Section Paradrop
Commando Section Paradrop
Commando Support Section Paradrop
Selects Supply Surplus
M3 Stuart Light Tank
Construct Field Infirmary
6-pounder Anti-tank Gun Team
Selects UNKNOWN (223837)
Commando Section Paradrop
Spaceman Spiff
Yung Weeb
Rook my Grock!
Kray-Tos
0
0
Comments
sign in to comment!
No comments posted yet!